AoeStats
← LKS339952

Arena

509498258Analyzed
1v1 RM · 4d ago on Sep 27, 2026· 45m 22s· 2 players
Game mode
Random Map
Map size
Tiny (2 player)
Population
200
Speed
Normal
Resources
Standard
Victory
Conquest
Starting age
Dark Age
Ending age
Imperial Age
RankedLock teamsTeams togetherTeam positionsShared explorationLock speedFull tech treeHidden civsTurbo modeCheats
Victory
Defeat
🇳🇿 Spanish · New Zealand
267
+13
🇦🇷 Maya · Argentina
207
-13
LKS339952
20:09 Feudal Age
21:56 Man-at-Arms
22:55 Forging
22:45 Scale Mail Armor
22:40 Gold Mining
22:43 Stone Mining
24:33 Wheelbarrow
23:45 Town Watch
25:26 Fletching
25:36 Padded Archer Armor
34:29 Castle Age
35:02 Loom
35:32 Hand Cart
35:17 Town Patrol
35:05 Double-Bit Axe
35:02 Horse Collar
36:58 Crossbowman
36:58 Elite Skirmisher
44:36 Thumb Ring
Bullous
7:16 Loom
10:42 Feudal Age
14:25 Castle Age
12:18 Double-Bit Axe
18:43 Bow Saw
21:57 Wheelbarrow
25:17 Hand Cart
24:46 Horse Collar
25:46 Stone Mining
27:16 Town Watch
28:25 Heavy Plow
29:21 Stone Shaft Mining
28:37 Gold Mining
32:47 Imperial Age
30:19 Town Patrol
32:04 Caravan
34:38 Supremacy
33:49 Sappers
Connection lost

Rejoining the realm…

Still unreachable

The connection could not be restored.

Session expired

The server has moved on; the page needs a fresh start.